 Dungeon Sprint DCSS version 0.31-a0-986-g5e6e4ef867 (webtiles) character file.

Game seed: 5621998645745838452

14287 rocky1 the Brawler (level 12, -3/109 HPs)
             Began as a Naga Shapeshifter on Nov 4, 2023.
             Was the Champion of Cheibriados.
             Slain by a nargun (10 damage)
             ... while petrified by a nargun
             ... in the Dungeon (Sprint V: "Ziggurat Sprint").
             The game lasted 00:15:07 (1474 turns).

rocky1 the Brawler (Naga Shapeshifter)              Turns: 1474, Time: 00:15:07

Health: -3/109     AC: 12    Str: 43    XL:     12   Next: 14%
Magic:  20/20      EV:  1    Int: 28    God:    Cheibriados [******]
Gold:   0          SH:  0    Dex: 39    Spells: 14/14 levels left

rFire   . .          .
                       - Unarmed
rCold   + . .        (shield currently unavailable)
rNeg    + + +        N - +5 storm dragon scales
rPois   ∞            (no helmet)
rElec   +            (no cloak)
rCorr   .            (gloves currently unavailable)
SInv    +            (no barding)
Will    .....        a - amulet of Naamem {rC+ Will- Regen+ Str+3 Dex+7} Stlth
                     y - +6 ring of strength
HPRegen 1.18/turn    u - +6 ring of dexterity
MPRegen 0.17/turn

%: no teleportation
@: blade hands, petrified, weak-willed, studying Necromancy, very slow
A: AC +4, large, see invisible, deformed body, poison resistance, slowness 2,
spit poison 1, naga tail 1
a: Spit Poison, Begin Untransformation, Renounce Religion, Bend Time, Temporal
Distortion, Slouch, Step From Time


You were in the Dungeon.
You worshipped Cheibriados.
Cheibriados was exalted by your worship.
You had blades for hands.
You visited 1 branch

Inventory:

Armour
 w - a +0 pair of gloves of stealth
 H - a +5 crystal plate armour
 I - +5 gold dragon scales
 M - +5 shadow dragon scales
 N - +5 storm dragon scales (worn)
 P - a +2 robe of resistance
 S - the +2 helmet of Xaty {rC- Str+7 SInv}
   (You found it in the Dungeon)

   Str+7:     It affects your strength (+7).
   rC-:       It makes you vulnerable to cold.
   SInv:      It lets you see invisible.
Magical Staves
 B - the staff of Dismay {rElec Str+4 Int+3 Dex-3 Earth}
   (You found it in the Dungeon)

   [staff of earth]

   Base accuracy: +5 Base damage: 5 Base attack delay: 1.2 This weapon's minimum
   attack delay (0.6) is reached at skill level 12.
   Str+4:     It affects your strength (+4).
   Int+3:     It affects your intelligence (+3).
   Dex-3:     It affects your dexterity (-3).
   rElec:     It insulates you from electricity.
   Earth:     It increases the power of your Earth spells.
   It falls into the 'Staves' category.
   It is a one-handed weapon.
 J - a staff of death
Jewellery
 a - the amulet of Naamem (around neck) {rC+ Will- Regen+ Str+3 Dex+7}
   (You found it in the Dungeon)

   [amulet of regeneration]

   Str+3:     It affects your strength (+3).
   Dex+7:     It affects your dexterity (+7).
   rC+:       It protects you from cold.
   Will-:     It decreases your willpower.
   Regen+:    It increases your rate of health regeneration.
 u - a +6 ring of dexterity (right blade hand)
 v - an amulet of reflection
 y - a +6 ring of strength (left blade hand)
 K - the ring "Vynin" {Wiz rPois Str+2}
   (You found it in the Dungeon)

   [ring of wizardry]

   Wiz:       It improves your spell success rate.
   Str+2:     It affects your strength (+2).
   rPois:     It protects you from poison
 L - a ring of magical power
 U - the ring of Harmony {AC+4 Dex+2}
   (You found it in the Dungeon)

   [ring of protection]

   AC+4:      It affects your AC (+4).
   Dex+2:     It affects your dexterity (+2).
Talismans
 c - a beast talisman
 d - a flux talisman
 z - the dragon-blood talisman of the Merwolf {*Corrode rC+ SInv}
   (You found it in the Dungeon)

   [dragon-blood talisman]

   rC+:       It protects you from cold.
   SInv:      It lets you see invisible.
   *Corrode:  It may corrode you when you take damage.
 D - a beast talisman
 E - a blade talisman (active)
 F - a maw talisman
 G - a serpent talisman
Wands
 t - a wand of charming (6)
 x - a wand of acid (4)
 A - a wand of mindburst (7)
 C - a wand of iceblast (2)
 Q - a wand of flame (18)
 R - a wand of digging (4)
 T - a wand of polymorph (7)
Scrolls
 j - a scroll of blinking
 p - 4 scrolls of amnesia
 q - 7 scrolls of fog
 r - 5 scrolls of identify
 s - 2 scrolls of fear
 W - a scroll of brand weapon
Potions
 b - a potion of lignification
 e - 10 potions of curing
 f - 6 potions of heal wounds
 g - 10 potions of haste
 h - 7 potions of magic
 i - 3 potions of berserk rage
 k - 2 potions of brilliance
 l - 2 potions of invisibility
 m - 4 potions of resistance
 n - a potion of experience
 o - 5 potions of might
Miscellaneous
 O - a lightning rod (4/4)


   Skills:
 + Level 7.1 Fighting
 - Level 8.4 Armour
 - Level 5.0 Dodging
 * Level 19.0 Unarmed Combat
 - Level 1.9 Spellcasting
 - Level 11.2 Invocations
 + Level 7.3 Evocations
 + Level 14.3 Shapeshifting


You had 14 spell levels left.
You didn't know any spells.
Your spell library contained the following spells:

 Spells                   Type           Power      Damage    Failure   Level
 Magic Dart               Conj           8%         1d3       26%         1
 Necrotise                Necr           8%         1d4       26%         1
 Sandblast                Erth           4%         2d4       26%         1
 Searing Ray              Conj           4%         2d4       36%         2
 Tukima's Dance           Hex            2%         N/A       61%         3
 Animate Armour           Summ/Erth      4%         N/A       95%         4
 Fulminant Prism          Conj/Hex       1%         3d5       95%         4
 Olgreb's Toxic Radiance  Pois           2%         N/A       95%         4
 Passage of Golubria      Tloc           2%         N/A       95%         4
 Summon Lightning Spire   Summ/Air       2%         N/A       95%         4
 Lee's Rapid Deconstruct  Erth           1%         3d4*      100%        5
 Yara's Violent Unravell  Hex/Tmut       1%         3d3       100%        5
 Death Channel            Necr           1%         N/A       100%        6
 Discord                  Hex            1%         N/A       100%        8
 Ignition                 Fire           1%         3d3       100%        8
 Shatter                  Erth           1%         3d5*      100%        9


Dungeon Overview and Level Annotations

Branches:
Dungeon (1/1)

Altars:
Ashenzari
Cheibriados
Dithmenos
Elyvilon
Fedhas
Gozag
Hepliaklqana
Kikubaaqudgha
Makhleb
Nemelex Xobeh
Okawaru
Qazlal
Ru
Sif Muna
Trog
Uskayaw
Vehumet
Wu Jian
Xom
Yredelemnul
Zin
The Shining One
Jiyva
Lugonu


Innate Abilities, Weirdness & Mutations

You have blades for hands.
You are incapable of wielding weapons or throwing items.
Your serpentine skin is tough. (AC +4)
You have supernaturally acute eyesight. (SInv)
Armour fits poorly on your strangely shaped body.
Your system is resistant to poisons. (rPois)
You cover ground very slowly.
You can spit poison.
You have a snake-like lower body.


Message History

You see here a +1 vampiric battleaxe.
Okay, then.
There is a transporter here.
Welcome to arena 12.
You enter the transporter and appear at another place.
A freezing wraith, a quokka simulacrum and 3 narguns come into view.
Found five items.
Unknown command.
A freezing wraith, a hellion, a bat simulacrum and 3 adder simulacra come into view.
Found six items.
The hellion gives a hideous shriek!
The hellion gestures at you.
The sphere of damnation explodes!
The damnation engulfs you!!
You are slowing down.
Your limbs have turned to stone. x2; You have turned to stone.
The hellion gestures at you.
The sphere of damnation explodes!
The damnation engulfs you!! The hellion gestures at you.
The sphere of damnation explodes!
The damnation engulfs you!!
The damnation engulfs the bat simulacrum!!
The bat simulacrum vaporises!
You barely resist.
The adder simulacrum bites you but does no damage.
The nargun hits you!! The nargun bites you! The nargun freezes you!!
You resist.
The adder simulacrum bites you but does no damage.
The adder simulacrum barely misses you.
The hellion hits you but does no damage.
The hellion hits you but does no damage.
The nargun hits you but does no damage. The nargun bites you!!
The nargun freezes you!! You resist.
* * * LOW HITPOINT WARNING * * *
The hellion hits you. The nargun hits you!!
* * * LOW HITPOINT WARNING * * *
The nargun completely misses you.
The quokka simulacrum bites you but does no damage.
The nargun hits you!!
* * * LOW HITPOINT WARNING * * *
Your willpower is stripped away!
The nargun bites you!!
You die...

▓...8©8...▓.
▓..::/|):.▓..[|)|...▓.
▓..|/)?)..▓..|..[...▓.
▓.........▓.........▓.
▓.........▓.........▓.
▓...ZZ....▓.........▓.
▓...WWZ...▓.........▓.
▓..▓992▓..▓.........▓.
▓.▓.9@..▓.▓.▓..†..▓.▓.
▓...Z©....▓....©....▓▓
▓▓▓▓▓▓▓▓▓▓▓▓▓▓▓▓▓▓▓▓▓


You could see 3 narguns, 2 freezing wraiths, a hellion, 3 adder simulacra and a
quokka simulacrum.

Vanquished Creatures
  A tentacled monstrosity (D)
  An ironbound preserver (D)
  A dire elephant (D)
  A vault guard (D)
  2 dancing weapons (D)
  2 two-headed ogres (D)
  2 deep elf knights (D)
  2 deep elf zephyrmancers (D)
  An ironbound convoker (D)
  A necromancer (D)
  2 cyclopes (D)
  A will-o-the-wisp (D)
  A worldbinder (D)
  2 yaktaurs (D)
  A troll (D)
  A meliai (shapeshifter) (D)
  5 merfolk (D)
  A raiju (D)
  5 wind drakes (D)
  A wraith (D)
  A fire elemental (D)
  3 centaurs (D)
  An earth elemental (D)
  A necrophage (D)
  A wight (D)
  3 crimson imps (D)
  2 quasits (D)
  An orc priest (D)
  2 iron imps (D)
  3 orc wizards (D)
  2 shadow imps (D)
  5 white imps (D)
  3 ufetubi (D)
  A giant cockroach simulacrum (D)
63 creatures vanquished.

Vanquished Creatures (others)
  2 blizzard demons (D)
  4 sixfirhies (D)
  A shadow demon (D)
  A smoke demon (D)
  A hellion (D)
  A hellwing (D)
  A chaos spawn (D)
  An ufetubus (D)
  A bat simulacrum (D)
13 creatures vanquished.

Grand Total: 76 creatures vanquished

Notes
Turn   | Place    | Note
-------+----------+-------------------------------------------
     0 | D        | rocky1 the Naga Shapeshifter began the quest for the Orb.
     0 | D        | Reached XP level 1. HP: 18/18 MP: 1/1
     0 | D        | Found a shimmering blue altar of Sif Muna.
     0 | D        | Found a bloodstained altar of Trog.
     0 | D        | Found a sacrificial altar of Ru.
     0 | D        | Found a stormy altar of Qazlal.
     0 | D        | Found an iron altar of Okawaru.
     1 | D        | Found a sparkling altar of Nemelex Xobeh.
     1 | D        | Found a blossoming altar of Fedhas.
     1 | D        | Found the +6 Majin-Bo {spellvamp, MP+6 Int+6}
     1 | D        | Found the +27 heavy crossbow "Sniper" {heavy, Acc+∞ SInv}
     1 | D        | Found the +10 dark maul {heavy}
     1 | D        | Found the +15 Maxwell's patent armour {-Cast -Tele rElec
                  | Will+ rCorr}
     1 | D        | Found the +18 shield of the Gong {Loud rN+ Will+ rCorr
                  | EV-5}
     1 | D        | Found the +16 obsidian axe {drain, demonic, Mesm Drain Fly
                  | SInv}
     1 | D        | Found the +7 great mace "Firestarter" {flame, immolate,
                  | rFlCloud rF++}
     1 | D        | Found the +6 shillelagh "Devastator" {shatter}
     1 | D        | Found the +11 plutonium sword {Contam Stlth-}
     1 | D        | Found the +8 lance "Wyrmbane" {slay drac, rPois rF+ rC+
                  | AC+3}
     1 | D        | Found the +9 sword of Zonguldrok {reap}
     1 | D        | Found the +13 scythe of Curses {drain, curses, Drain}
     1 | D        | Found the +9 sword of Power {lifebolt}
     1 | D        | Found the +7 mace of Variability {chaos, chaos arc}
     1 | D        | Found the +11 Singing Sword {sonic wave}
     1 | D        | Found the +8 storm bow {elec, penet}
     3 | D        | Found a transporter.
     3 | D        | Found an ancient bone altar of Kikubaaqudgha.
     3 | D        | Found a viscous altar of Jiyva.
     3 | D        | Found a corrupted altar of Lugonu.
     3 | D        | Found a hazy altar of Hepliaklqana.
     3 | D        | Found a burning altar of Makhleb.
     3 | D        | Found an opulent altar of Gozag.
    14 | D        | Became a worshipper of Cheibriados the Contemplative
   152 | D        | Entered arena 2.
   152 | D        | Noticed a wight
   152 | D        | Noticed a necrophage
   152 | D        | Found a transporter.
   155 | D        | Killed a wight
   156 | D        | Reached skill level 4 in Unarmed Combat
   156 | D        | Reached XP level 2. HP: 23/25 MP: 2/4
   156 | D        | Reached XP level 3. HP: 29/31 MP: 2/5
   159 | D        | Killed a necrophage
   159 | D        | Reached * piety under Cheibriados
   160 | D        | Reached skill level 5 in Unarmed Combat
   160 | D        | Reached skill level 5 in Shapeshifting
   160 | D        | Reached XP level 4. HP: 37/38 MP: 2/6
   203 | D        | Entered arena 3.
   203 | D        | Noticed an entropy weaver
   203 | D        | Noticed a deep elf zephyrmancer
   203 | D        | Noticed a deep elf zephyrmancer
   203 | D        | Found a transporter.
   208 | D        | Killed a deep elf zephyrmancer
   209 | D        | Reached skill level 8 in Unarmed Combat
   209 | D        | Reached XP level 5. HP: 28/45 MP: 6/9
   209 | D        | Reached XP level 6. HP: 33/52 MP: 6/10
   209 | D        | Reached XP level 7. HP: 36/58 MP: 6/11
   209 | D        | Killed a deep elf zephyrmancer
   209 | D        | Reached ** piety under Cheibriados
   210 | D        | Reached skill level 5 in Armour
   210 | D        | Reached skill level 9 in Unarmed Combat
   210 | D        | Reached XP level 8. HP: 42/67 MP: 6/13
   211 | D        | an entropy weaver changed into a meliai
   211 | D        | Noticed a meliai (shapeshifter)
   214 | D        | Killed a meliai
   215 | D        | Reached skill level 10 in Shapeshifting
   235 | D        | Killed a smoke demon
   279 | D        | Killed a sixfirhy
   439 | D        | Entered arena 4.
   439 | D        | Found a transporter.
   443 | D        | Reached *** piety under Cheibriados
   489 | D        | Entered arena 5.
   489 | D        | Noticed a cyclops
   489 | D        | Noticed a troll
   489 | D        | Noticed a two-headed ogre
   489 | D        | Noticed a two-headed ogre
   489 | D        | Found a transporter.
   492 | D        | Killed a two-headed ogre
   492 | D        | Reached **** piety under Cheibriados
   493 | D        | Reached skill level 10 in Unarmed Combat
   493 | D        | Reached XP level 9. HP: 74/74 MP: 15/15
   493 | D        | Killed a two-headed ogre
   493 | D        | Killed a troll
   494 | D        | Reached skill level 12 in Unarmed Combat
   494 | D        | Reached skill level 5 in Evocations
   494 | D        | Killed a cyclops
   504 | D        | Got the amulet of Naamem {rC+ Will- Regen+ Str+3 Dex+7}
   507 | D        | Got the staff of Dismay {rElec Str+4 Int+3 Dex-3 Earth}
   519 | D        | Entered arena 6.
   519 | D        | Found a transporter.
   530 | D        | Reached ***** piety under Cheibriados
   575 | D        | Entered arena 7.
   575 | D        | Noticed a deep elf knight
   575 | D        | Noticed a deep elf knight
   575 | D        | Noticed a +2 short sword of speed
   575 | D        | Noticed a +0 dire flail of holy wrath
   576 | D        | Killed a +0 dire flail of holy wrath
   576 | D        | Killed a +2 short sword of speed
   577 | D        | Reached skill level 13 in Unarmed Combat
   577 | D        | Reached skill level 10 in Invocations
   577 | D        | Reached XP level 10. HP: 84/84 MP: 11/17
   577 | D        | Found a transporter.
   578 | D        | Killed a deep elf knight
   578 | D        | Killed a deep elf knight
   578 | D        | Reached ****** piety under Cheibriados
   579 | D        | Reached skill level 14 in Unarmed Combat
   603 | D        | Killed a shadow demon
   620 | D        | Entered arena 8.
   621 | D        | Found a transporter.
   625 | D        | Reached skill level 5 in Dodging
   625 | D        | Reached skill level 1 in Spellcasting
   627 | D        | Reached skill level 15 in Unarmed Combat
   627 | D        | Reached XP level 11. HP: 51/91 MP: 9/19
   634 | D        | Killed a blizzard demon
   723 | D        | Killed a sixfirhy
   726 | D        | Got the +6 scale mail "Qoti But" {*Corrode rPois Str+4}
   732 | D        | Got the +0 chain mail of the Teacher {Will+ Str-5 Int+4}
   734 | D        | Got the ring "Vynin" {Wiz rPois Str+2}
   744 | D        | Entered arena 9.
   744 | D        | Noticed an ironbound preserver
   744 | D        | Noticed an ironbound convoker
   744 | D        | Noticed a dire elephant
   744 | D        | Noticed a necromancer
   744 | D        | Noticed a vault guard
   745 | D        | Found a transporter.
   747 | D        | Killed an ironbound convoker
   747 | D        | Killed a necromancer
   748 | D        | Reached skill level 16 in Unarmed Combat
   749 | D        | Killed a dire elephant
   751 | D        | Killed an ironbound preserver
   752 | D        | Reached skill level 17 in Unarmed Combat
   754 | D        | Killed a vault guard
   879 | D        | Got the dragon-blood talisman of the Merwolf {*Corrode rC+
                  | SInv}
   882 | D        | Got Fiothroikhli's Parchment of Lithomancy and Shadows
   994 | D        | Entered arena 10.
   994 | D        | Noticed a cyclops
   995 | D        | Found a transporter.
   998 | D        | Killed a cyclops
   999 | D        | Reached skill level 5 in Fighting
   999 | D        | Reached skill level 18 in Unarmed Combat
  1028 | D        | Killed a blizzard demon
  1071 | D        | Killed a sixfirhy
  1119 | D        | Got the +2 helmet of Xaty {rC- Str+7 SInv}
  1192 | D        | Entered arena 11.
  1192 | D        | Noticed a tentacled monstrosity
  1195 | D        | Found a transporter.
  1204 | D        | Killed a tentacled monstrosity
  1205 | D        | Reached XP level 12. HP: 82/106 MP: 10/20
  1309 | D        | Got the ring of Harmony {AC+4 Dex+2}
  1333 | D        | Entered arena 12.
  1339 | D        | Reached skill level 19 in Unarmed Combat
  1339 | D        | Found a transporter.
  1465 | D        | Entered arena 13.
  1465 | D        | Noticed a nargun
  1465 | D        | Noticed a nargun
  1465 | D        | Noticed a nargun
  1474 | D        | Slain by a nargun

Illustrated notes

Levels and vault maps discovered:
D:        sprint_v [room_start, room_1, room_2, room_3, room_4, room_5, room_6,
          room_7, room_8, room_9, room_10, room_11, room_12, room_13, room_14,
          room_15, room_16, room_17, room_18, room_19, room_20, room_21,
          room_22, room_23, room_24, room_25, room_26, room_27]

Skill      XL: |  1  2  3  4  5  6  7  8  9 10 11 12 |
---------------+-------------------------------------+-----
Armour         | 2 4 5 6 7 8 |  8.4
Dodging        | 2 3 4 5 |  5.0
Unarmed Combat | 4 5 8 9 10 13 15 18 19 | 19.0
Invocations    | 2 3 6 7 8 10 11 | 11.2
Shapeshifting  | 4 5 8 9 10 11 14 | 14.3
Evocations     | 2 4 6 7 |  7.3
Fighting       | 2 3 6 7 |  7.1
Spellcasting   | 1 |  1.9

Action                     |  1- 3 |  4- 6 |  7- 9 | 10-12 || total
---------------------------+-------+-------+-------+-------++-------
  Melee: Unarmed           |     4 |       |    27 |    20 ||    51
         Punch             |       |       |     1 |     3 ||     4
 Invoke: Slouch            |       |       |     2 |    12 ||    14
  Evoke: Wand              |     2 |     4 |     5 |     3 ||    14
    Use: Scroll            |       |     1 |       |     2 ||     3
         Potion            |       |       |       |     4 ||     4
 Armour: Storm dragon scal |     8 |     5 |    38 |    47 ||    98
  Dodge: Dodged            |       |     1 |    14 |    23 ||    38
   Form: Blade             |       |       |     1 |       ||     1
         Maw               |       |       |     1 |       ||     1

Table legend: (Time is in decaauts)
 A = Elapsed time spent in this place.
 B = Non-inter-level travel time spent in this place.
 C = Inter-level travel time spent in this place.
 D = Time resting spent in this place.
 E = Time spent auto-exploring this place.
 F = Levels seen in this place.
 G = Mean time per level.
                   A        B        C        D        E       F      G
               +--------+--------+--------+--------+--------+-----+--------+
         Total |   1852 |   1836 |     16 |    946 |      0 |   1 | 1852.0 |
       Dungeon |   1852 |   1836 |     16 |    946 |      0 |   1 | 1852.0 |
               +--------+--------+--------+--------+--------+-----+--------+

Top non-repeatable levels by time:
       D: 1852 daAuts
